 Dungeon Crawl Stone Soup version 0.27-a0-1572-gacd6f1ce93 (webtiles) character file.

Game seed: 3708125059791034195

101 Blejac999 the Sneak (level 4, -2/19 HPs)
             Began as a Felid Transmuter on July 17, 2021.
             Slain by a gnoll (15 damage)
             ... on level 2 of the Dungeon.
             The game lasted 00:06:09 (2269 turns).

Blejac999 the Sneak (Felid Transmuter)              Turns: 2269, Time: 00:06:09

Health: -2/19      AC:  1    Str:  6    XL:     4   Next: 48%
Magic:  8/8        EV: 18    Int: 15    God:
Gold:   48         SH:  0    Dex: 17    Spells: 5/8 levels left
                                        Lives:  0   Deaths: 1

rFire    . . .     SeeInvis +     - Unarmed
rCold    . . .     Faith    .   (shield unavailable)
rNeg     . . .     Spirit   .   (armour unavailable)
rPois    .         Reflect  .   (helmet unavailable)
rElec    .         Harm     .   (cloak unavailable)
rCorr    .         Rampage  .   (gloves unavailable)
Will     .....                  (boots unavailable)
Stlth    +++.......             (no amulet)
HPRegen  0.06/turn              (no ring)
MPRegen  0.11/turn              (no ring)

@: appendages, quick
A: horns 2, very small, claws 1, fangs 3, see invisible, speed 1, shaggy fur 1,
stealthy paws, no weapons or thrown items, no armour, multi-lived
a: End Transformation


You were on level 2 of the Dungeon.
You had temporarily grown beastly horns.
You visited 1 branch of the dungeon, and saw 2 of its levels.

You collected 48 gold pieces.

Inventory:

Scrolls
 d - a scroll of immolation
Potions
 a - a potion of cancellation {unknown}
 b - a potion of curing


   Skills:
 + Level 1.4 Fighting
 + Level 3.1 Dodging
 * Level 4.5 Stealth
 + Level 4.1 Unarmed Combat
 + Level 2.5 Spellcasting
 + Level 3.1 Transmutations


You had 5 spell levels left.
You knew the following spells:

 Your Spells              Type           Power      Damage    Failure   Level
a - Beastly Appendage     Tmut           22%        N/A       6%          1
b - Wereblood             Tmut           11%        N/A       9%          2

Your spell library contained the following spells:

 Spells                   Type           Power      Damage    Failure   Level
 Spider Form              Tmut/Pois      3%         N/A       32%         3
 Frozen Ramparts          Ice            2%         1d2       54%         3
 Ice Form                 Ice/Tmut       6%         N/A       73%         4
 Summon Ice Beast         Ice/Summ       1%         N/A       91%         4


Dungeon Overview and Level Annotations

Branches:
Dungeon (2/15)

Altars:
Ru

Shops:
D:1 [


Innate Abilities, Weirdness & Mutations

You have temporarily grown beastly horns.
You have sharp claws.
You have razor-sharp teeth.
You have supernaturally acute eyesight. (SInv)
You cover ground quickly. (Speed+)
You are covered in fur. (AC +1)
Your paws help you pounce on unaware monsters.
You are incapable of wielding weapons or throwing items.
You cannot wear armour.
You gain extra lives every three experience levels.


Message History

You scratch the gnoll.
The gnoll is moderately wounded.
The gnoll hits you from afar with a +0 halberd!
You die...
Your shape twists and changes as you die.
The gnoll completely misses you. The gnoll barely misses you.
The gnoll misses you.
You are now level 4!
Your horns disappear.
You rejoin the land of the living...
Found a scroll labelled IPUZIR QYNN.
Found a scroll of immolation.
Found 21 stones.
c - a scroll labelled IPUZIR QYNN You see here a scroll of immolation.
What are your orders? t - Meow!
Orders for allies: a - Attack new target. r - Retreat! s - Stop attacking. g - Guard the area. f - Follow me.
Anything else - Cancel.
Okay, then.
Unknown command.
Unknown command.
You see here a scroll of immolation.
d - a scroll of immolation
As you read the scroll labelled IPUZIR QYNN, it crumbles to dust.
It is a scroll of enchant armour.
You aren't carrying any armour which can be enchanted further.
Things that are here:
a +3 scythe; a +0 robe; the human skeleton of Sigmund
Casting: Wereblood (safe; 9% risk of failure)
Confirm with . or Enter, or press ? or * to list all spells.
You grow a pair of large bovine horns.
You barely miss the gnoll. The gnoll completely misses you.
You closely miss the gnoll.
The gnoll hits you with a +2 spear of distortion.
Space warps horribly around you!
Ouch! That really hurt!
You die...

........# #.......#
#.......# #...# #.### ##
#.############## #.
#######.##...........###.
#.....).>.......^........
#.######@#.#####)###.###.
#.#...##g#.# #.# #.# #.
#.#...##.#.#####.###.####
#.#...##.................
#.#...####.#####.###.####
#.#...# #.# #.# #.#
#.#...####.# #.# #.#
#..........# #.# #.....
###...###### #.# #.....


You could see a gnoll.

Vanquished Creatures
  Sigmund (D:2)
  A gnoll (D:1)
  2 worms (D:2)
  A dart slug (D:2)
  4 endoplasms (D:2)
  A giant cockroach (D:2)
  2 goblins (D:1)
  3 hobgoblins
  7 jackals (D:1)
  4 kobolds
  2 quokkas (D:2)
  3 ball pythons
  3 bats (D:1)
  3 frilled lizards
  4 rats
  A spectral hobgoblin (D:2)
42 creatures vanquished.

Notes
Turn   | Place    | Note
-------+----------+-------------------------------------------
     0 | D:1      | Blejac999 the Felid Transmuter began the quest for the Orb.
     0 | D:1      | Reached XP level 1. HP: 9/9 MP: 4/4
   244 | D:1      | Found Ziugaa's Antique Armour Emporium.
   299 | D:1      | Reached skill level 1 in Stealth
   299 | D:1      | Reached XP level 2. HP: 10/12 MP: 4/6
   665 | D:1      | Learned a level 2 spell: Wereblood
   878 | D:1      | Reached XP level 3. HP: 15/15 MP: 3/7
  1709 | D:2      | Found a faded altar of an unknown god.
  1991 | D:2      | Noticed Sigmund
  1999 | D:2      | Killed Sigmund
  2000 | D:2      | Reached XP level 4. HP: 19/19 MP: 8/8
  2000 | D:2      | Reached XP level 5. HP: 22/22 MP: 9/9
  2106 | D:2      | Found a sacrificial altar of Ru.
  2213 | D:2      | Slain by a gnoll
  2214 | D:2      | Reached XP level 4. HP: 0/19 MP: 6/8
  2269 | D:2      | Slain by a gnoll

Illustrated notes

Levels and vault maps discovered:
D:1:      minmay_arrival_diagonal_passages, layout_rooms, serial_shops, shop
D:2:      layout_basic, dreamdust_ecumenical_altar_drowned_temple, basic_altar,
          uniq_sigmund

Skill      XL: |  1  2  3 |
---------------+----------+-----
Stealth        | 1 4 |  4.5
Dodging        | 3 |  3.1
Unarmed Combat | 4 |  4.1
Transmutations | 3 |  3.1
Fighting       | |  1.4
Spellcasting   | |  2.5

Action                   |  1- 3 |  4- 6 || total
-------------------------+-------+-------++-------
Melee: Unarmed           |    92 |    13 ||   105
       Headbutt          |     8 |       ||     8
       Bite              |     8 |     1 ||     9
       Punch             |     1 |       ||     1
 Cast: Beastly Appendage |     9 |     2 ||    11
       Wereblood         |     2 |     1 ||     3
  Use: Scroll            |     6 |     2 ||     8
       Potion            |     1 |       ||     1
 Stab: Sleeping          |     6 |       ||     6
Armor: Skin              |     2 |       ||     2
Dodge: Dodged            |    61 |     9 ||    70

Table legend: (Time is in decaauts)
 A = Elapsed time spent in this place.
 B = Non-inter-level travel time spent in this place.
 C = Inter-level travel time spent in this place.
 D = Time resting spent in this place.
 E = Time spent auto-exploring this place.
 F = Levels seen in this place.
 G = Mean time per level.
                   A        B        C        D        E       F      G
               +--------+--------+--------+--------+--------+-----+--------+
         Total |   2014 |   1954 |     60 |    817 |    619 |   2 | 1007.0 |
       Dungeon |   2014 |   1954 |     60 |    817 |    619 |   2 | 1007.0 |
               +--------+--------+--------+--------+--------+-----+--------+

Top non-repeatable levels by time:
     D:1: 1080 daAuts
     D:2: 933 daAuts
